Map: Odyssey LE

Players

SamuraiFunn

  • Race: Protoss Protoss
  • League: Platinum
  • Spawn Location: 5:00

A.I. 1 (Elite) - Winner!

  • Race: Protoss Protoss
  • Spawn Location: 11:00

VOD

Have the link to the VOD?

Description

Time

  • Played on: Nov. 26, 2017, 10:06 p.m.
  • Length: 13:43
Show
View Real Time Build Order
Export as new Build Order

SamuraiFunn Protoss 

Build Orders:  

Get SALT Encoding   

  12  0:01  Probe  
  13  0:13  Probe  
  14  0:30  Probe  
  14  0:32  Pylon  
  15  0:50  Probe (Chrono Boost)  
  15  0:54  Gateway  
  16  1:02  Probe (Chrono Boost)  
  17  1:05  Assimilator  
  17  1:09  Pylon  
  18  1:11  Probe (Chrono Boost)  
  18  1:16  Probe  
  19  1:23  Gateway  
  19  1:29  Probe  
  20  1:41  Probe  
  20  1:42  Cybernetics Core  
  20  1:43  Zealot  
  23  1:53  Probe  
  24  2:05  Probe, Assimilator  
  25  2:19  Nexus  
  25  2:24  Probe  
  26  2:36  Probe  
  27  2:38  Zealot  
  29  2:49  Probe  
  30  2:58  Pylon  
  30  3:00  Assimilator  
  30  3:01  Probe  
  31  3:16  Probe  
  32  3:22  Pylon  
  32  3:29  Probe  
  33  3:41  Twilight Council  
  33  3:45  Probe x2  
  35  3:57  Probe x2  
  37  4:03  Warp Gate (Chrono Boost)  
  37  4:05  Assimilator  
  37  4:09  Probe x2  
  39  4:22  Gateway  
  39  4:24  Gateway  
  39  4:25  Probe  
  39  4:26  Probe  
  39  4:28  Templar Archives  
  41  4:31  Stalker x2  
  41  4:38  Probe x2  
  47  4:50  Probe x2  
  49  4:56  Pylon  
  49  5:02  Probe x2  
  51  5:14  Probe x2  
  53  5:28  Nexus  
  53  5:34  Pylon  
  53  5:38  Pylon  
  53  5:39  Probe x2  
  53  5:41  Pylon  
  55  5:46  Assimilator  
  55  5:47  Psionic Storm  
  55  5:49  Assimilator  
  55  5:52  High Templar  
  55  5:53  High Templar x3  
  63  6:00  Probe x2  
  65  6:19  Blink  
  65  6:23  Pylon  
  65  6:30  Probe  
  65  6:31  Probe  
  67  6:43  Probe x2  
  67  6:46  Probe  
  70  6:52  Gateway x2  
  70  6:55  Gateway  
  70  6:59  Gateway  
  70  7:03  Pylon  
  70  7:16  Probe x3  
  70  7:18  Stalker x4  
  81  7:29  Probe  
  84  7:30  Probe x2  
  84  7:47  Pylon  
  84  7:51  High Templar x4  
  86  7:53  Stalker x3  
  86  7:56  Probe  
  86  7:57  Probe x2  
  101  8:06  High Templar  
  103  8:13  Pylon  
  103  8:16  Probe  
  104  8:22  Stalker x2  
  104  8:23  Stalker  
  110  8:34  Robotics Facility  
  110  8:35  Robotics Facility  
  110  8:39  Stalker x4  
  110  8:40  Stalker  
  120  8:50  Charge  
  120  9:09  Pylon  
  120  9:13  Pylon  
  120  9:17  Pylon  
  120  9:21  Pylon  
  120  9:25  Stalker x3  
  120  9:29  Stalker x4  
  120  9:30  Stalker  
  136  9:33  Nexus  
  136  9:35  Pylon  
  136  9:38  Pylon  
  136  9:41  Observer x2  
  138  9:57  Forge  
  138  9:58  Forge  
  136  10:00  Forge  
  136  10:02  Observer  
  115  10:34  Stalker x2  
  115  10:35  Stalker x4  
  115  10:36  Stalker x2  
  123  10:58  High Templar x4  
  123  10:59  High Templar x2  
  135  11:07  Protoss Ground Armor Level 1, Protoss Ground Weapons Level 1, Protoss Shields Level 1  
  114  11:39  Stalker x2  
  94  11:40  Stalker x5  
  94  12:05  Gateway  
  94  12:06  Gateway, Stalker x3  
  94  12:07  Stalker x2  
  94  12:08  Gateway  
  103  12:09  High Templar x3  
  100  12:48  Gateway  
  100  12:55  Gateway  
  100  12:57  Gateway  
  100  12:59  Gateway  
  100  13:06  High Templar x4  
  100  13:07  Stalker x2  
  100  13:08  Stalker  
Show
View Real Time Build Order
Export as new Build Order

A.I. 1 (Elite) Protoss - Winner!

Build Orders: 1 Gate Expand, Zealot Archon 

Get SALT Encoding   

  12  0:00  Probe  
  13  0:13  Probe  
  14  0:19  Pylon  
  14  0:25  Probe  
  15  0:37  Probe  
  15  0:40  Gateway  
  16  0:49  Probe  
  17  1:01  Probe  
  18  1:13  Probe  
  18  1:18  Nexus  
  19  1:25  Probe  
  19  1:30  Zealot  
  22  1:37  Probe  
  23  1:41  Pylon  
  23  1:50  Cybernetics Core  
  23  1:52  Assimilator  
  23  1:59  Probe  
  24  2:11  Probe  
  25  2:23  Probe  
  25  2:25  Pylon  
  26  2:30  Probe  
  26  2:35  Probe  
  28  2:37  Warp Gate  
  28  2:39  Gateway  
  28  2:42  Probe  
  29  2:45  Assimilator  
  29  2:48  Probe  
  30  2:56  Stalker  
  32  2:59  Probe, Pylon  
  32  3:01  Probe  
  34  3:10  Gateway  
  34  3:18  Probe  
  35  3:25  Probe  
  35  3:26  Stalker x2  
  40  3:30  Probe  
  41  3:37  Probe  
  42  3:42  Probe  
  43  3:49  Probe  
  43  3:54  Probe  
  45  3:56  Stalker x3  
  45  4:01  Probe  
  52  4:02  Pylon  
  52  4:06  Probe  
  53  4:12  Pylon  
  53  4:13  Probe  
  54  4:18  Probe  
  55  4:25  Probe  
  55  4:26  Stalker x3  
  55  4:30  Probe  
  63  4:36  Pylon  
  63  4:38  Probe  
  64  4:39  Pylon  
  64  4:42  Probe  
  65  4:50  Probe  
  66  4:54  Probe  
  66  4:59  Pylon  
  67  5:02  Probe  
  67  5:04  Stalker x3  
  67  5:05  Gateway  
  67  5:06  Probe  
  75  5:14  Probe  
  75  5:18  Probe  
  77  5:26  Probe  
  77  5:27  Stalker x3  
  84  5:31  Probe  
  84  5:34  Pylon  
  85  5:45  Forge  
  85  5:46  Twilight Council  
  85  5:48  Assimilator  
  85  5:50  Stalker, Zealot  
  85  5:52  Assimilator  
  89  5:57  Zealot  
  91  6:19  Forge  
  91  6:25  Templar Archives  
  91  6:28  Nexus  
  91  6:48  Adept  
  91  6:51  Pylon  
  93  6:57  Sentry  
  93  7:00  Adept  
  97  7:04  High Templar  
  99  7:08  High Templar  
  99  7:11  Photon Cannon  
  101  7:15  Robotics Facility  
  101  7:18  Photon Cannon  
  101  7:20  Zealot  
  101  7:21  Pylon  
  103  7:25  Sentry  
  105  7:32  Archon  
  105  7:36  High Templar  
  107  7:37  Gateway  
  107  7:40  Probe x2  
  107  7:41  Probe  
  107  7:42  Photon Cannon  
  107  7:44  Photon Cannon  
  110  7:47  High Templar  
  112  7:52  Probe  
  112  7:54  Probe x2  
  112  7:57  Assimilator  
  115  7:59  Pylon  
  115  8:01  Assimilator  
  115  8:02  High Templar, Archon  
  115  8:03  Warp Prism  
  115  8:04  Probe  
  120  8:06  Probe  
  120  8:07  Probe  
  122  8:16  Photon Cannon, High Templar, Probe  
  122  8:18  Probe  
  122  8:19  Photon Cannon, Probe  
  127  8:23  Pylon  
  127  8:29  Probe  
  127  8:30  Probe  
  127  8:31  Probe, Protoss Ground Weapons Level 1, Archon  
  127  8:33  Gateway  
  130  8:39  High Templar  
  130  8:40  Observer  
  130  8:41  Probe, Nexus  
  134  8:42  Probe  
  135  8:48  Pylon  
  135  8:49  High Templar  
  135  8:51  Photon Cannon  
  135  8:54  Photon Cannon  
  137  9:00  Psionic Storm, Warp Prism  
  139  9:04  Archon  
  139  9:11  High Templar  
  139  9:15  Photon Cannon  
  141  9:17  Photon Cannon  
  141  9:21  High Templar  
  143  9:26  Protoss Ground Armor Level 1  
  143  9:32  Zealot x2  
  143  9:34  Adept  
  143  9:36  Archon  
  143  9:37  Immortal  
  143  9:38  Pylon  
  153  9:47  Sentry  
  153  9:52  Photon Cannon  
  155  9:56  Blink, Zealot  
  155  9:58  Zealot, Adept  
  161  10:01  Assimilator  
  161  10:04  Pylon  
  161  10:05  Nexus  
  161  10:06  Archon, Assimilator  
  161  10:16  Observer  
  161  10:18  Stalker  
  161  10:19  Stalker  
  158  10:22  Stalker  
  158  10:26  Photon Cannon, Stalker  
  144  10:29  High Templar  
  144  10:30  Photon Cannon, High Templar  
  144  10:33  Pylon  
  130  10:36  Archon  
  130  10:37  Observer  
  130  10:40  High Templar  
  133  10:48  High Templar  
  135  10:52  Probe  
  135  10:55  Photon Cannon  
  135  10:59  Immortal, Stalker  
  135  11:01  Stalker  
  135  11:03  Archon, Stalker  
  145  11:06  High Templar  
  147  11:13  Stalker  
  147  11:20  Probe, Stalker  
  147  11:22  High Templar, Probe  
  147  11:23  Probe  
  147  11:25  Stalker, Assimilator  
  149  11:27  Probe x2  
  149  11:30  Assimilator  
  149  11:31  Archon  
  149  11:32  Probe  
  144  11:35  Probe, Zealot  
  144  11:36  Zealot  
  144  11:38  Immortal  
  144  11:39  Zealot  
  145  11:43  Zealot  
  147  11:47  Pylon  
  147  11:48  Adept  
  147  11:50  Pylon  
  149  11:54  Adept  
  149  11:55  High Templar  
  149  11:56  Sentry  
  149  11:59  High Templar  
  157  12:03  Adept  
  159  12:08  Probe, Sentry  
  159  12:10  Photon Cannon  
  159  12:15  Sentry, Pylon  
  163  12:17  Immortal  
  163  12:21  Photon Cannon  
  167  12:25  Robotics Facility  
  167  12:28  Zealot  
  169  12:31  Nexus, Robotics Bay  
  169  12:35  Stargate  
  169  12:37  High Templar, Archon  
  169  12:38  Pylon  
  169  12:40  Photon Cannon  
  169  12:42  Photon Cannon  
  171  12:45  High Templar  
  173  12:53  Adept  
  173  12:56  Immortal  
  179  13:07  Photon Cannon  
  179  13:09  Photon Cannon  
  179  13:11  Zealot  
  179  13:23  Adept  
  179  13:24  Robotics Facility  
  179  13:26  Zealot  
  175  13:29  Stalker  
  175  13:33  Stalker  
  179  13:36  Stalker  
Tags
 
Composition
Zealot Archon
League
Platinum
Matchup
PvP
Replay Pack
First 100 games
Spawn Locations
Cross Positions
Add a new tag
Caveats
  • Supply blocks, unpowered buildings, or Contaminate may cause inaccurate times.
  • Supply counts are checked every 10 seconds.